 Dungeon Crawl Stone Soup version 0.17-a0-2127-g1cb09f6 (webtiles) character file.

159 tp1 the Conjurer (level 5, -5/28 HPs)
             Began as a Deep Elf Conjurer on Oct 23, 2015.
             Slain by a wolf spider simulacrum (16 damage)
             ... on level 2 of the Dungeon.
             The game lasted 00:14:44 (7583 turns).

tp1 the Conjurer (Deep Elf Conjurer)                Turns: 7583, Time: 00:14:44

Health: -5/28      AC:  2    Str:  5    XL:     5   Next: 17%
Magic:  11/14      EV:  8    Int: 21    God:
Gold:   165        SH:  0    Dex: 15    Spells: 3 memorised, 8 levels left

rFire  . . .     SeeInvis .     g - +0 short sword
rCold  . . .     Clarity  .     a - +0 robe
rNeg   . . .     SustAt   .     (no shield)
rPois  .         Gourm    .     (no helmet)
rElec  .         Spirit   .     (no cloak)
rCorr  .         Warding  .     (no gloves)
rMut   .         Stasis   .     (no boots)
MR     .....                    (no amulet)
Stlth  ++........               (no ring)
                                (no ring)

@: not resistant to hostile enchantments, unstealthy
A: no striking features
a: no special abilities


You were on level 2 of the Dungeon.
You were not hungry.

You visited 1 branch of the dungeon, and saw 3 of its levels.

You collected 165 gold pieces.

Inventory:

Hand Weapons
 g - a +0 short sword (weapon)
Armour
 a - a +0 robe (worn)
Scrolls
 f - 6 scrolls of identify {unknown}
 h - a scroll of blinking {unknown}
 i - a scroll of recharging {unknown}
 m - a scroll of remove curse {unknown}
Potions
 d - 2 potions of curing {unknown}
 e - 4 potions of degeneration {unknown}
Books
 b - a book of Conjurations

   Spells                             Type                      Level
   a - Magic Dart                     Conjuration                  1
   b - Searing Ray                    Conjuration                  2
   c - Dazzling Spray                 Conjuration/Hexes            3
   d - Fulminant Prism                Conjuration/Hexes            4
   e - Iskenderun's Mystic Blast      Conjuration                  4
   f - Iskenderun's Battlesphere      Conjuration/Charms           5
 l - a book of Summonings

   Spells                             Type                      Level
   a - Recall                         Summoning/Translocation      3
   b - Aura of Abjuration             Summoning                    5
   c - Shadow Creatures               Summoning                    5
   d - Summon Demon                   Summoning                    5
   e - Summon Forest                  Summoning/Translocation      5
   f - Summon Mana Viper              Hexes/Summoning              5
Comestibles
 c - a bread ration
 j - a royal jelly
 k - 3 meat rations


   Skills:
 + Level 0.2 Short Blades
 - Level 2.1 Armour
 - Level 3.1 Dodging
 - Level 2.4 Stealth
 - Level 5.0 Spellcasting
 - Level 5.0 Conjurations


You had 8 spell levels left.
You knew the following spells:

 Your Spells              Type           Power        Failure   Level  Hunger
a - Magic Dart            Conj           ####         1%          1    None
b - Searing Ray           Conj           ####..       1%          2    None
c - Dazzling Spray        Conj/Hex       ###.....     14%         3    ##.....


Dungeon Overview and Level Annotations

Branches:
Dungeon (3/15)

Altars:
Fedhas


Message History

A wolf spider simulacrum comes into view.
There is a stone staircase leading down here.
Casting: Magic Dart
Confirm with . or Enter, or press ? or * to list all spells.
Aiming: Magic Dart
Press: ? - help, Shift-Dir - straight line, f - wolf spider simulacrum
Aim: a wolf spider simulacrum The magic dart hits the wolf spider simulacrum.
Casting: Magic Dart
Confirm with . or Enter, or press ? or * to list all spells.
Aiming: Searing Ray
Press: ? - help, Shift-Dir - straight line, f/p - wolf spider simulacrum
Aim: a wolf spider simulacrum The searing ray misses the wolf spider simulacrum.
You can't go up here!
The wolf spider simulacrum hits you!
Ouch! That really hurt!
The wolf spider simulacrum freezes you!
Ouch! That really hurt!
You die...

#.##.....##.##..# #.# #....
#........##.##..###.# #.###
####.#)####.##......# #.# #
#....<..^###.##### #.### #####
###.########.###### #.... ....#
##'## #.........# ####. ###.#
##...## #.##.####.# #) ###.#
##.....###.##.####.### #.
.##.###.......##@Z.........# #.
..#.##.........#.#....#..#.#####.
.....'.........'......)......>...
..#.##.........#.##...#..#.#####.
.##.###.......##.###.....#.# #.
###.# ##.....###.........#.# #.
....# ##...## #........##.# ##
##### ##'## #####.##.##.# # #.#
#.......# #


You could see a wolf spider simulacrum.

Vanquished Creatures
  An orc priest (D:3)
  6 adders
  2 worms
  6 giant geckos
  2 orcs (D:3)
  A ball python (D:2)
  7 bats
  6 hobgoblins
  4 jackals (D:1)
  3 quokkas
  7 giant newts
  9 goblins
  7 kobolds
  7 rats
68 creatures vanquished.

Notes
Turn   | Place    | Note
--------------------------------------------------------------
     0 | D:1      | tp1 the Deep Elf Conjurer began the quest for the Orb.
     0 | D:1      | Reached XP level 1. HP: 10/10 MP: 6/6
   426 | D:1      | Reached XP level 2. HP: 15/15 MP: 6/8
  1209 | D:1      | Reached skill level 5 in Conjurations
  1388 | D:1      | Reached XP level 3. HP: 13/19 MP: 5/9
  1392 | D:1      | Learned a level 2 spell: Searing Ray
  1396 | D:1      | Learned a level 3 spell: Dazzling Spray
  2867 | D:2      | Reached XP level 4. HP: 24/24 MP: 6/12
  3950 | D:3      | Reached skill level 5 in Spellcasting
  5119 | D:3      | Found a blossoming altar of Fedhas.
  5221 | D:2      | Reached skill level 1 in Armour
  6725 | D:3      | Reached XP level 5. HP: 25/28 MP: 2/14
  7580 | D:2      | Noticed a wolf spider simulacrum
  7583 | D:2      | Slain by a wolf spider simulacrum

Vault maps used:
D:1:      dpeg_arrival_pits, hangedman_decor_clover_reticule
D:3:      fedhas_altar_1

Action                   |  1- 3 |  4- 6 || total
-------------------------+-------+-------++-------
Melee: Unarmed           |     2 |       ||     2
       Short sword       |     5 |       ||     5
 Cast: Magic Dart        |    90 |    53 ||   143
       Dazzling Spray    |       |     1 ||     1
       Searing Ray       |       |     1 ||     1
  Eat: Chunk             |     3 |    15 ||    18
       Pizza             |     1 |       ||     1
